AoeStats
← vortice_anonimo

Black Forest

510628936Analyzed
2v2 RM · 1d ago on Oct 1, 2026· 105m 46s· 4 players
Game mode
Random Map
Map size
Medium (4 player)
Population
200
Speed
Normal
Resources
Standard
Victory
Conquest
Starting age
Dark Age
Ending age
Imperial Age
RankedLock teamsTeams togetherTeam positionsShared explorationLock speedFull tech treeHidden civsTurbo modeCheats
Victory
Defeat
🇦🇷 Khitans · Argentina
608
+8
🇦🇷 Khmer · Argentina
391
+15
🇦🇷 Vietnamese · Argentina
394
-12
🇦🇷 Spanish · Argentina
394
-11
Conejo Malo
0:31 Loom
15:32 Feudal Age
17:07 Gold Mining
17:04 Double-Bit Axe
22:48 Castle Age
21:26 Horse Collar
25:47 Bow Saw
28:42 Wheelbarrow
28:44 Heavy Plow
29:44 Fishing Lines
30:50 Gillnets
32:27 Stone Mining
33:38 Hand Cart
33:45 Fletching
34:04 Scale Barding Armor
33:59 Padded Archer Armor
34:16 Forging
35:03 Bodkin Arrow
35:32 Ballistics
35:37 Thumb Ring
40:02 Imperial Age
37:54 Leather Archer Armor
37:45 Light Cavalry
38:30 Husbandry
38:41 Bloodlines
38:55 Chain Barding Armor
39:53 Iron Casting
41:51 Chemistry
40:55 Bracer
41:29 Ring Archer Armor
40:34 Cavalier
42:44 Paladin
44:22 Plate Barding Armor
46:26 Guard Tower
46:40 Arrowslits
48:00 Blast Furnace
49:02 Stone Shaft Mining
50:37 Two-Man Saw
50:28 Keep
49:49 Elite Conquistador
50:58 Conscription
54:20 Town Watch
55:59 Bombard Tower
56:02 Inquisition
72:50 Hussar
97:03 Squires
96:27 Pikeman
97:22 Halberdier
97:52 Gambesons
vortice_anonimo
12:34 Feudal Age
13:10 Double-Bit Axe
13:44 Horse Collar
13:57 Gold Mining
13:58 Stone Mining
23:48 Castle Age
26:28 Coinage
26:00 Caravan
26:14 Bow Saw
26:42 Stone Shaft Mining
27:45 Wheelbarrow
28:22 Forging
28:13 Scale Mail Armor
31:04 Heavy Plow
38:29 Imperial Age
36:26 Ballistics
36:57 Arson
37:13 Squires
37:51 Chatras
38:06 Thumb Ring
37:22 Crossbowman
37:22 Elite Skirmisher
38:44 Iron Casting
38:25 Chain Mail Armor
38:15 Scale Barding Armor
38:11 Padded Archer Armor
38:01 Fletching
38:45 Arbalester
38:52 Elite Fire Lancer
41:43 Chemistry
40:59 Fortified Wall
42:32 Paper Money
43:30 Hand Cart
43:42 Bombard Tower
45:13 Elite Battle Elephant
49:12 Chain Barding Armor
49:23 Plate Mail Armor
49:09 Leather Archer Armor
48:49 Bodkin Arrow
54:21 Plate Barding Armor
54:16 Ring Archer Armor
GranKhan25
0:36 Loom
16:32 Feudal Age
17:50 Wheelbarrow
17:08 Double-Bit Axe
17:06 Domestication
17:25 Town Watch
24:39 Castle Age
24:18 Fletching
24:45 Forging
24:41 Scale Barding Armor
24:37 Scale Mail Armor
25:37 Pastoralism
26:05 Bow Saw
27:31 Bodkin Arrow
28:02 Fortified Wall
27:43 Treadmill Crane
28:35 Masonry
34:01 Hand Cart
35:23 Ballistics
35:08 Murder Holes
36:33 Caravan
42:22 Imperial Age
40:30 Town Patrol
41:45 Forging
41:35 Scale Mail Armor
41:36 Padded Archer Armor
41:41 Scale Barding Armor
43:40 Transhumance
44:12 Two-Man Saw
43:31 Siege Engineers
43:32 Gold Mining
43:33 Stone Mining
45:13 Chemistry
43:37 Elite Skirmisher
44:42 Conscription
45:18 Stone Shaft Mining
45:06 Guilds
45:34 Coinage
45:29 Arson
45:44 Squires
45:32 Gambesons
46:34 Elite Liao Dao
47:18 Bracer
47:35 Leather Archer Armor
46:54 Pikeman
46:55 Heavy Rocket Cart
47:40 Husbandry
47:05 Light Cavalry
48:45 Banking
49:07 Iron Casting
48:53 Chain Mail Armor
49:44 Lamellar Armor
49:54 Ordo Cavalry
51:09 Chain Barding Armor
51:19 Ring Archer Armor
50:58 Thumb Ring
51:19 Parthian Tactics
50:23 Heavy Camel Rider
51:09 Heavy Cavalry Archer
51:15 Hussar
54:21 Plate Mail Armor
66:12 Sanctity
66:17 Illumination
66:28 Theocracy
66:04 Fervor
70:52 Plate Barding Armor
81:38 Elite Fire Lancer
Ganimides94
10:26 Feudal Age
11:52 Wheelbarrow
12:42 Double-Bit Axe
13:35 Horse Collar
14:04 Gold Mining
16:21 Town Watch
21:13 Castle Age
22:43 Hand Cart
22:43 Bow Saw
23:17 Gold Shaft Mining
24:27 Stone Mining
26:36 Stone Shaft Mining
26:44 Caravan
33:05 Imperial Age
31:41 Heavy Plow
31:41 Fletching
32:03 Forging
33:57 Town Patrol
34:23 Tusk Swords
34:49 Bodkin Arrow
35:30 Iron Casting
35:39 Crop Rotation
36:35 Ballistics
38:38 Loom
39:00 Scale Mail Armor
40:01 Blast Furnace
40:41 Chemistry
40:26 Murder Holes
40:42 Masonry
42:42 Elite Ballista Elephant
45:14 Bracer
45:15 Padded Archer Armor
45:33 Chain Mail Armor
46:33 Architecture
46:17 Fortified Wall
47:42 Scale Barding Armor
48:03 Onager
51:27 Double Crossbow
51:18 Elite Battle Elephant
57:48 Padded Archer Armor
58:09 Chain Barding Armor
67:48 Leather Archer Armor
68:09 Plate Barding Armor
Connection lost

Rejoining the realm…

Still unreachable

The connection could not be restored.

Session expired

The server has moved on; the page needs a fresh start.